 Dungeon Crawl Stone Soup version 0.29-a0-1043-g569b05d6ff (webtiles) character file.

Game seed: 16366263609231714426

3517 Zeldest the Cleaver (level 10, -10/86 HPs)
             Began as a Meteoran Fighter on Aug 16, 2022.
             Was a Believer of Ru.
             Mangled by a two-headed ogre
             ... wielding a +0 giant club
              (18 damage)
             ... on level 8 of the Dungeon.
             The game lasted 00:16:46 (2949 turns).

Zeldest the Cleaver (Meteoran Fighter)              Turns: 2949, Time: 00:16:46

Health: -10/86     AC: 14    Str: 24    XL:     10   Next: 53%
Magic:  11/11      EV:  9    Int:  9    God:    Ru [**....]
Gold:   1032       SH: 10    Dex: 13    Spells: 9/9 levels left

rFire   . . .      SeeInvis .   a - +0 war axe
rCold   + . .      Faith    .   b - +0 kite shield
rNeg    + . .      Spirit   .   x - +4 chain mail of the Past {+Inv}
rPois   .          Reflect  .   (no helmet)
rElec   .          Harm     .   (no cloak)
rCorr   .          Rampage  .   (no gloves)
Will    ++...                   (no boots)
Stlth   ..........              i - amulet of the acrobat
HPRegen 0.24/turn               n - ring "Pavy" {rC+ Will+}
MPRegen 0.12/turn               p - ring of positive energy

@: mighty, glowing
A: sense surroundings 2, hated by all, otherworldly, glowing, explore regen
a: Renounce Religion, Evoke Invisibility


You were on level 8 of the Dungeon.
You worshipped Ru.
Ru was pleased with you.
You visited 2 branches of the dungeon, and saw 9 of its levels.

You collected 1032 gold pieces.

Inventory:

Hand Weapons
 a - a +0 war axe (weapon)
Missiles
 s - 3 throwing nets (quivered)
Armour
 b - a +0 kite shield (worn)
 x - the +4 chain mail of the Past (worn) {+Inv}
   (You found it on level 6 of the Dungeon)

   +Inv:      It lets you turn invisible.
Jewellery
 g - a +6 ring of dexterity
 i - an amulet of the acrobat (around neck)
 n - the ring "Pavy" (left hand) {rC+ Will+}
   (You acquired it on level 7 of the Dungeon)

   [ring of willpower]

   rC:        It protects you from cold.
   Will:      It increases your willpower.
 p - a ring of positive energy (right hand)
Wands
 w - a wand of digging (6)
Scrolls
 c - a scroll of enchant armour {unknown}
 d - a scroll of noise {unknown}
 e - 4 scrolls of teleportation
 f - a scroll of blinking {unknown}
 k - a scroll of immolation {unknown}
 o - a scroll of silence {unknown}
 q - a scroll of poison {unknown}
 t - 2 scrolls of fog {unknown}
 u - 2 scrolls of brand weapon {unknown}
Potions
 h - a potion of degeneration
 l - a potion of mutation
 m - a potion of curing
 r - a potion of attraction


   Skills:
 + Level 7.2 Fighting
 + Level 9.1 Axes
 + Level 7.7 Armour
 + Level 6.4 Dodging
 + Level 7.9 Shields
 + Level 4.2 Evocations


You had 9 spell levels left.
You didn't know any spells.
Your spell library was empty.

Dungeon Overview and Level Annotations

Branches:
Dungeon (8/15) Zot: 1809   Temple (1/1) D:6 Zot: 521
   Lair: D:8-11

Altars:
Ashenzari
Cheibriados
Dithmenos
Gozag
Kikubaaqudgha
Nemelex Xobeh
Okawaru
Ru
Sif Muna
Trog
Uskayaw
Vehumet
Xom
The Shining One

Shops:
D:4 *

Annotations:
D:4 3 runed translucent doors, Snarg's ghost, novice SpCj
D:8 Grum; Joseph


Innate Abilities, Weirdness & Mutations

You passively map the area around you.
You are hated by all.
You are easily found by Zot.
You glow in the dark.
You regain HP and MP as you explore.


Message History

You now exude an aura of power that intimidates your foes.
Your aura of power can now strike those that harm you.
Okay, then.
Things that are here:
a +0 giant spiked club; a +0 giant spiked club
There is an open door, spattered with blood here.
You open the door.
A steam dragon and a two-headed ogre come into view.
Found 6 gold pieces.
The steam dragon hisses angrily.
The two-headed ogre shouts in stereo!
There is an open door here.
You block the steam dragon's attack. The steam dragon barely misses you.
You closely miss the two-headed ogre. You closely miss the steam dragon.
The steam dragon barely misses you. x2
The two-headed ogre hits you with a +0 giant club!!
* * * LOW HITPOINT WARNING * * *
The two-headed ogre closely misses you.
You slice the two-headed ogre!!
The two-headed ogre is heavily wounded.
You slash the steam dragon! The steam dragon breathes steam at you.
The ball of steam hits you.
* * * LOW HITPOINT WARNING * * *
The two-headed ogre is stunned by your conviction and fails to attack.
You slash the two-headed ogre!
The two-headed ogre is severely wounded.
You slash the steam dragon!
You are engulfed in a cloud of scalding steam.
You block the steam dragon's attack. The steam dragon closely misses you.
The two-headed ogre hits you with a +0 giant club!
* * * LOW HITPOINT WARNING * * *
The two-headed ogre closely misses you.
You slash the two-headed ogre!
The two-headed ogre is almost dead.
You hit the steam dragon.
You kill the steam dragon!
The steam dragon scales are intact enough to wear.
You are engulfed in a cloud of scalding steam.
The two-headed ogre hits you with a +0 giant club!!
You die...

#....#####.#*, , ,
, ,
,#.......##....#, ,
*, ##.#######....#,
, , ,, *
#..######....# ,, *
, * #......##....#
,, ,, , ,
,,##.......#....# ,
, **
#.......##...$# ,
*, ##..###.##.[..#
, * #.## #.##@O..#
, ,,, * , * , #.#
#..#'#### + * * *
*#.#####.#...8#, *
*, *#....##<#....#
*, ####.##.#....#,
, , * ,,
#....##.#....# , ,
*, *
#######.#....######
#.#....')...# ,
#.#....#)...# ,,


You could see a two-headed ogre.

Vanquished Creatures
  A two-headed ogre (D:8)
  Grinder (D:6)
  Prince Ribbit (D:5)
  A wraith (D:7)
  A steam dragon (D:8)
  A water moccasin (D:6)
  An ice beast (D:5)
  A black bear (D:4)
  An orc warrior (D:7)
  2 ogres
  A sky beast (D:8)
  4 centaurs
  A wolf (D:7)
  2 phantoms
  2 kobold brigands
  A gnoll sergeant (D:6)
  3 necrophages
  6 scorpions
  A wight (D:8)
  A howler monkey (D:5)
  An orc priest (D:6)
  2 hounds
  2 iguanas
  Natasha (twice) (D:3)
  2 orc wizards
  3 gnolls (D:6)
  4 adders
  An ufetubus (D:4)
  2 worms (D:2)
  11 orcs
  6 bats
  9 endoplasms
  4 giant cockroaches
  5 goblins
  4 hobgoblins
  4 jackals (D:1)
  10 kobolds
  2 quokkas
  5 ball pythons
  3 frilled lizards (D:1)
  4 rats
119 creatures vanquished.

Notes
Turn   | Place    | Note
-------+----------+-------------------------------------------
     0 | D:1      | Zeldest the Meteoran Fighter began the quest for the Orb.
     0 | D:1      | Reached XP level 1. HP: 19/19 MP: 2/2
    68 | D:1      | Reached XP level 2. HP: 26/26 MP: 3/3
   107 | D:1      | Reached skill level 3 in Axes
   190 | D:1      | Reached XP level 3. HP: 31/31 MP: 4/4
   378 | D:2      | Identified the +1 robe "Waovupn" {rC+ rN+ Will+ rCorr}
   556 | D:2      | Reached XP level 4. HP: 27/39 MP: 5/5
   726 | D:3      | Reached skill level 4 in Axes
   726 | D:3      | Reached XP level 5. HP: 36/46 MP: 6/6
   742 | D:3      | Noticed a phantom
   757 | D:3      | Killed a phantom
   758 | D:3      | Reached skill level 1 in Dodging
   758 | D:3      | Reached XP level 6. HP: 34/52 MP: 7/7
   889 | D:3      | Found a glowing golden altar of the Shining One.
   889 | D:3      | Found an ancient bone altar of Kikubaaqudgha.
   890 | D:3      | Found an iron altar of Okawaru.
   934 | D:3      | Noticed Natasha
   946 | D:3      | Killed Natasha
   981 | D:3      | Noticed a shadow
   982 | D:3      | Found a shadowy altar of Dithmenos.
   984 | D:3      | Found a hazy altar of Hepliaklqana.
  1006 | D:3      | Noticed Natasha
  1022 | D:3      | Killed Natasha
  1148 | D:4      | Found a runed translucent gate.
  1148 | D:4      | Noticed Snarg's ghost (novice SpCj)
  1149 | D:4      | Found a runed translucent gate.
  1150 | D:4      | Found a runed translucent gate.
  1152 | D:4      | Identified the +4 mace of the Mashing Gods {pain, rC+
                  | Int+4}
  1152 | D:4      | Identified the +9 ring mail of Refuge {rPois}
  1204 | D:4      | Reached skill level 5 in Axes
  1204 | D:4      | Reached XP level 7. HP: 37/59 MP: 8/8
  1274 | D:4      | Reached skill level 5 in Shields
  1331 | D:4      | Reached skill level 5 in Armour
  1387 | D:4      | Reached skill level 6 in Axes
  1387 | D:4      | Reached XP level 8. HP: 43/66 MP: 9/9
  1424 | D:4      | Found Hoagets's General Store.
  1456 | D:5      | Entered Level 5 of the Dungeon
  1456 | D:5      | Noticed Prince Ribbit
  1470 | D:5      | Killed Prince Ribbit
  1471 | D:5      | Reached skill level 5 in Fighting
  1517 | D:4      | Reached skill level 7 in Axes
  1614 | D:5      | Gained mutation: You passively map the area around you.
                  | [Meteoran growth]
  1614 | D:5      | Reached XP level 9. HP: 65/74 MP: 10/10
  1737 | D:5      | Identified the +0 leather armour of the Elephant {-Tele rF+
                  | Regen+}
  1977 | D:6      | Found a staircase to the Ecumenical Temple.
  1988 | Temple   | Entered the Ecumenical Temple
  2048 | Temple   | Became a worshipper of Ru the Awakened
  2122 | D:6      | Found an opulent altar of Gozag.
  2216 | D:6      | Identified the +4 chain mail of the Past {+Inv}
  2239 | D:6      | Found a broken altar of Ashenzari.
  2262 | D:6      | Noticed Grinder
  2264 | D:6      | Paralysed by Grinder for 3 turns
  2282 | D:6      | Killed Grinder
  2283 | D:6      | Reached skill level 8 in Axes
  2283 | D:6      | Reached skill level 1 in Evocations
  2328 | D:6      | Reached skill level 5 in Dodging
  2572 | D:7      | Reached XP level 10. HP: 72/84 MP: 11/11
  2677 | D:8      | Noticed Joseph
  2774 | D:7      | Identified 2 scrolls of acquirement
  2775 | D:7      | Acquired 755 gold pieces
  2777 | D:7      | Acquired the ring "Pavy" {rC+ Will+}
  2894 | D:8      | Noticed Grum
  2917 | D:8      | Noticed a two-headed ogre
  2924 | D:8      | Killed a two-headed ogre
  2925 | D:8      | Reached skill level 9 in Axes
  2934 | D:8      | Gained mutation: You are hated by all. [Ru sacrifice]
  2934 | D:8      | Reached * piety under Ru
  2934 | D:8      | Reached ** piety under Ru
  2944 | D:8      | Noticed a two-headed ogre
  2949 | D:8      | Mangled by a two-headed ogre

Illustrated notes

Levels and vault maps discovered:
D:1:      heliophobic_arrival_battle_scene, layout_loops_ring,
          minmay_misc_feat_rugged
D:2:      layout_basic
D:3:      layout_loops_ring, riverfiend_overflow_shadow_ancestor,
          grunt_temple_overflow_open, uniq_natasha
D:4:      layout_rooms, serial_shops, kennysheep_little_box,
          biasface_ghost_orc_armoury
D:5:      layout_cave_pods, chequers_serial_rivers_large_a, kennysheep_nub,
          uniq_prince_ribbit1
D:6:      layout_loops_corners, pdpol_temple_overflow_zin_treasury_gozag_greed,
          mainiacjoe_overflow_alcove_1, minmay_temple_entry_proselytizer,
          sigmund_army, uniq_grinder
D:7:      layout_rooms
D:8:      minmay_klotski, layout_loops_ring, grunt_decor_resistance,
          minmay_misc_feat_doors, chequers_avenue, uniq_joseph, uniq_psyche,
          uniq_grum
Temple:   hellmonk_temple_forest_ring

Skill      XL: |  1  2  3  4  5  6  7  8  9 10 |
---------------+-------------------------------+-----
Axes           | 3 4 5 6 7 8 9 |  9.1
Shields        | 4 5 6 7 |  7.9
Armour         | 4 5 7 |  7.7
Fighting       | 4 5 6 7 |  7.2
Dodging        | 1 2 4 5 6 |  6.4
Evocations     | 2 4 |  4.2

Action                   |  1- 3 |  4- 6 |  7- 9 | 10-12 || total
-------------------------+-------+-------+-------+-------++-------
Melee: War axe           |    67 |    86 |   201 |    67 ||   421
Invok: Sacrifice Love    |       |       |       |     1 ||     1
Evoke: Wand              |       |       |     9 |     2 ||    11
  Use: Potion            |       |     3 |       |     3 ||     6
       Scroll            |       |       |       |     9 ||     9
Armor: Scale mail        |     6 |       |       |       ||     6
       Leather armour    |    24 |       |       |       ||    24
       Robe              |     5 |    22 |    17 |       ||    44
       Chain mail        |       |       |    31 |    41 ||    72
Dodge: Dodged            |    30 |    33 |    94 |    45 ||   202
Block: Buckler           |    18 |    21 |    64 |       ||   103
       Kite shield       |       |       |    19 |    54 ||    73

Table legend: (Time is in decaauts)
 A = Elapsed time spent in this place.
 B = Non-inter-level travel time spent in this place.
 C = Inter-level travel time spent in this place.
 D = Time resting spent in this place.
 E = Time spent auto-exploring this place.
 F = Levels seen in this place.
 G = Mean time per level.
                   A        B        C        D        E       F      G
               +--------+--------+--------+--------+--------+-----+--------+
         Total |   3067 |   2935 |    132 |      0 |      0 |   9 |  340.8 |
       Dungeon |   2989 |   2874 |    115 |      0 |      0 |   8 |  373.6 |
        Temple |     78 |     61 |     17 |      0 |      0 |   1 |   78.0 |
               +--------+--------+--------+--------+--------+-----+--------+

Top non-repeatable levels by time:
     D:2: 575 daAuts
     D:6: 501 daAuts
     D:5: 446 daAuts
     D:4: 369 daAuts
     D:3: 331 daAuts
     D:7: 305 daAuts
     D:1: 287 daAuts
     D:8: 172 daAuts
  Temple: 78 daAuts
